 Dungeon Crawl Stone Soup version 0.15.2 (webtiles) character file.

2800 Ge0ff the Slicer (level 9, 0/65 HPs)
             Began as a Vampire Skald on Dec 3, 2022.
             Was an Initiate of Kikubaaqudgha.
             Engulfed by a cloud of flame (24 damage)
             ... on Level 5 of the Dungeon.
             The game lasted 00:34:15 (8484 turns).

Ge0ff the Slicer (Vampire Skald)                    Turns: 8484, Time: 00:34:15

HP   0/65        AC 10     Str 11      XL: 9   Next: 44%
MP  26/26        EV 11     Int 17      God: Kikubaaqudgha [......]
Gold 0           SH  0     Dex 13      Spells:  3 memorised,  7 levels left

rFire  . . .     SeeInvis +     a - +1 short sword
rCold  . . .     Clarity  .     S - +3 leather armour
rNeg   + . .     rCorr    .     (no shield)
rPois  .         rRot     .     (no helmet)
rElec  .         Spirit   .     K - +2 cloak {+Inv}
SustAb .         Warding  +     (no gloves)
rMut   .         Stasis   .     A - +0 pair of boots
Gourm  .                        E - amulet of warding
MR     +....                    V - ring of protection from magic {=R}
                                e - ring of magical power

@: regenerating quickly, somewhat resistant to hostile enchantments, stealthy
A: bottle blood, fangs 3, see invisible, unbreathing
a: Bottle Blood, Renounce Religion, Evoke Invisibility


You were on level 5 of the Dungeon.
You worshipped Kikubaaqudgha.
Kikubaaqudgha was noncommittal.
You were full.

You visited 2 branches of the dungeon, and saw 8 of its levels.
You also visited: Ossuary.

You collected 217 gold pieces.
You spent 217 gold pieces at shops.

Inventory:

Hand weapons
 a - a +1 short sword (weapon)
Missiles
 j - 233 stones (quivered)
 n - 4 javelins
 N - 3 tomahawks
 P - 3 tomahawks of returning
Armour
 A - a +0 pair of boots (worn)
 K - a +2 cloak of darkness (worn)
 S - a +3 leather armour (worn)
Magical devices
 x - a wand of random effects (1)
 O - a wand of frost (0)
 Q - a wand of cold (0)
 Z - a wand of cold (1)
Scrolls
 f - 2 scrolls of fog
 C - 3 scrolls of remove curse
 D - 2 scrolls of immolation
 F - a scroll of fear
 G - 2 scrolls of blinking
 M - 2 scrolls of recharging
 R - 2 scrolls of enchant weapon
 T - 3 scrolls of teleportation
 X - a scroll of magic mapping
Jewellery
 e - a ring of magical power (left hand)
 z - an uncursed ring of teleport control
 E - an amulet of warding (around neck)
 V - a ring of protection from magic (right hand) {=R}
Potions
 i - a potion of magic {!q}
 m - a potion of agility
 q - 4 potions of curing
 B - a potion of brilliance
 H - 2 potions of haste {!q}
 I - a potion of cure mutation {unknown}
 L - a potion of mutation {unknown}
 U - a potion of poison {unknown}
 W - 2 potions of heal wounds {!q}
 Y - 2 potions of resistance {unknown}
Books
 c - a book of Battle

   Spells                             Type                      Level
   *Infusion                          Charms                       1
   Shroud of Golubria                 Charms/Translocation         2
   Song of Slaying                    Charms                       2
   *Spectral Weapon                   Hexes/Charms                 3
   *Regeneration                      Charms/Necromancy            3
 J - a book of Ice

   Spells                             Type                      Level
   Metabolic Englaciation             Hexes/Ice                    5
   Ozocubu's Refrigeration            Ice                          6
   Bolt of Cold                       Conjuration/Ice              6
   Freezing Cloud                     Conjuration/Ice/Air          6
   Simulacrum                         Ice/Necromancy               6


   Skills:
 + Level 3.7 Fighting
 * Level 8.3 Short Blades
 - Level 2.0 Armour
 - Level 2.5 Dodging
 + Level 6.8 Stealth
 - Level 3.0 Spellcasting
 - Level 5.0 Hexes
 - Level 5.4 Charms
 - Level 3.1 Necromancy
 + Level 4.8 Evocations


You had 7 spell levels left.
You knew the following spells:

 Your Spells              Type           Power        Failure   Level  Hunger
p - Spectral Weapon       Hex/Chrm       ###.....     8%          3    ###....
r - Regeneration          Chrm/Necr      ###.......   10%         3    ###....
s - Infusion              Chrm           ###...       1%          1    None


Dungeon Overview and Level Annotations

Branches:
Dungeon (7/15)             Temple (1/1) D:6

Altars:
Ashenzari
Cheibriados
Dithmenos
Kikubaaqudgha
Makhleb
Qazlal
Sif Muna
Vehumet
Xom
The Shining One

Shops:
D:4 *   D:6 (

Annotations:
D:5 fire trap (gold)


Innate Abilities, Weirdness & Mutations

Your natural rate of healing is unusually fast.
You can bottle blood from corpses.
You have razor-sharp teeth.
You have supernaturally acute eyesight.
You can survive without breathing.


Message History

As you read the scroll of remove curse, it crumbles to dust.
You feel as if something is helping you.
Put on which piece of jewellery? (? for menu, Esc to quit)
You remove your ring of teleport control.
You feel your magic capacity increase.
e - a ring of magical power (left hand) Put on which piece of jewellery? (? for menu, Esc to quit)
Okay, then.
There is an escape hatch in the floor here.
You start resting.
Magic restored.
You slide downwards.
The hatch slams shut behind you.
Level annotation: fire trap (gold) Partly explored, can't reach some items and places.
Really walk into a travel-excluded area?
You are engulfed in roaring flames.
You are engulfed in roaring flames.
You are engulfed in roaring flames.
You die...
Kikubaaqudgha rasps: "You have failed me!
Welcome... oblivion!"

....# #...........##.### ....#
#...#####......# ....## #.§.#
#.....## ### .....# #§§§# #.....#
##.### .....# #§§§# #....##
#....# ##...#######...#####....#
##..... #...##.§§§.$$$..§§.....#
#...... ##...#..§§§.$.$.§§§.....#
#......
.#...#...§§.$$..@§§..##.###......
.......#####...#####.##..#.......
.......# #.§§# #.##..#.......
.......# #§§§# #.............
##...#.# #§§§# #......#......
##.##.# #...# #.............
#..##.# *#.#* #..._...#.....
##..##.# ##.# #[......#....#
#..###.# #..# ##.......##.###


There were no monsters in sight!

Vanquished Creatures
  Pikel (D:7)
  Prince Ribbit (D:6)
  Edmund (D:6)
  Menkaure (Ossuary)
  3 slaves (D:7)
  A black bear (D:7)
  A necrophage (D:6)
  9 ogres
  2 giant frogs
  A scorpion (D:6)
  5 hounds
  An orc priest (D:6)
  3 crimson imps
  An orc wizard (D:5)
  6 worker ants
  An iguana (D:4)
  A human zombie (D:7)
  An ogre zombie (D:5)
  3 mummies (Ossuary)
  10 adders
  A gnoll (D:1)
  3 shadow imps
  2 worms
  An iguana skeleton (D:6)
  6 giant geckos
  18 orcs
  A bat skeleton (D:4)
  4 gnoll skeletons (Ossuary)
  14 hobgoblins
  18 jackals
  2 ball pythons
  8 bats
  3 giant cockroaches
  A giant gecko skeleton (D:4)
  5 giant newts
  4 gnoll zombies (Ossuary)
  10 goblins
  5 goblin skeletons (Ossuary)
  6 goblin zombies (Ossuary)
  A hobgoblin skeleton (Ossuary)
  3 hobgoblin zombies (Ossuary)
  14 kobolds
  2 kobold skeletons (Ossuary)
  2 kobold zombies (Ossuary)
  An orc skeleton (Ossuary)
  4 orc zombies
  2 quokkas
  A quokka zombie (D:7)
  16 rats
  2 rat skeletons
  3 rat zombies
216 creatures vanquished.

Vanquished Creatures (others)
  A water moccasin (D:5)
  A giant frog (D:5)
  2 gnoll skeletons (Ossuary)
  2 goblin skeletons (Ossuary)
  3 goblin zombies (Ossuary)
  2 hobgoblin zombies (Ossuary)
  4 kobold skeletons (Ossuary)
  A kobold zombie (D:5)
  An orc skeleton (Ossuary)
  2 rat skeletons (Ossuary)
  A rat zombie (Ossuary)
20 creatures vanquished.

Grand Total: 236 creatures vanquished

Notes
Turn   | Place    | Note
--------------------------------------------------------------
     0 | D:1      | Ge0ff, the Vampire Skald, began the quest for the Orb.
     0 | D:1      | Reached XP level 1. HP: 16/16 MP: 3/3
   257 | D:1      | Reached skill level 1 in Stealth
   334 | D:1      | Reached XP level 2. HP: 22/22 MP: 4/4
   341 | D:1      | Reached skill level 1 in Armour
   822 | D:1      | Reached XP level 3. HP: 24/27 MP: 6/6
  2300 | D:3      | Reached XP level 4. HP: 33/33 MP: 7/7
  2533 | D:3      | Found a glowing golden altar of the Shining One.
  3062 | D:4      | Noticed an ogre
  3099 | D:3      | Learned a level 3 spell: Regeneration
  3103 | D:3      | Learned a level 3 spell: Spectral Weapon
  3125 | D:4      | Reached skill level 1 in Hexes
  3366 | D:4      | Reached XP level 5. HP: 31/38 MP: 9/9
  3476 | D:4      | Killed an ogre
  3476 | D:4      | Reached skill level 4 in Short Blades
  3538 | D:4      | Noticed an ogre
  3550 | D:4      | Killed an ogre
  3550 | D:4      | Reached XP level 6. HP: 15/44 MP: 11/11
  3789 | D:4      | Found a shattered altar of Ashenzari.
  3791 | D:4      | Found a snail-covered altar of Cheibriados.
  3792 | D:4      | Found a stormy altar of Qazlal.
  4108 | D:4      | Found Ottowo Shopn's Assorted Antiques.
  4163 | D:4      | Bought a glowing cloak for 94 gold pieces
  4163 | D:4      | Bought a lumpy cyan potion for 18 gold pieces
  4593 | D:5      | Entered Level 5 of the Dungeon
  4608 | D:5      | Reached skill level 1 in Evocations
  4631 | D:5      | Reached skill level 1 in Necromancy
  4637 | D:5      | Reached XP level 7. HP: 46/50 MP: 13/14
  4805 | D:5      | Reached skill level 5 in Short Blades
  4873 | D:5      | Found a burning altar of Makhleb.
  5234 | D:5      | Found a deep blue altar of Sif Muna.
  5812 | D:5      | Reached skill level 5 in Hexes
  6089 | D:6      | Noticed Prince Ribbit
  6114 | D:6      | Killed Prince Ribbit
  6114 | D:6      | Reached skill level 5 in Charms
  6114 | D:6      | Reached XP level 8. HP: 36/56 MP: 16/16
  6327 | D:6      | Reached skill level 6 in Short Blades
  6440 | D:6      | Found a stormy altar of Qazlal.
  6443 | D:6      | Noticed a water elemental
  6443 | D:6      | Noticed an air elemental
  6443 | D:6      | Noticed a fire elemental
  6452 | D:6      | Noticed Edmund
  6688 | D:7      | Found a sand-covered staircase.
  6703 | Ossuary  | Entered an ossuary
  6984 | Ossuary  | Noticed Menkaure
  7043 | Ossuary  | Killed Menkaure
  7301 | D:7      | Noticed Pikel
  7313 | D:7      | Killed Pikel
  7313 | D:7      | Reached skill level 7 in Short Blades
  7313 | D:7      | Reached skill level 5 in Stealth
  7313 | D:7      | Reached XP level 9. HP: 22/63 MP: 17/17
  7767 | D:6      | Killed Edmund
  7927 | D:6      | Reached skill level 8 in Short Blades
  7986 | D:6      | Found a staircase to the Ecumenical Temple.
  7994 | Temple   | Entered the Ecumenical Temple
  8003 | Temple   | Became a worshipper of Kikubaaqudgha
  8123 | D:6      | Found Yjigruiz's Weapon Emporium.
  8416 | D:4      | Bought an encrusted coral ring for 105 gold pieces
  8484 | D:5      | Engulfed by a cloud of flame

Action                   |  1- 3 |  4- 6 |  7- 9 || total
-------------------------+-------+-------+-------++-------
Melee: Short sword       |   139 |   209 |   488 ||   836
Throw: Stone             |     3 |     1 |     5 ||     9
 Cast: Infusion          |    12 |    17 |    35 ||    64
       Spectral Weapon   |       |     2 |       ||     2
       Regeneration      |       |       |     3 ||     3
 Abil: Evoke Invisibilit |       |     2 |    10 ||    12
       Turn Visible      |       |       |     1 ||     1
Evoke: Wand              |       |       |    20 ||    20
  Use: Scroll            |     8 |     6 |    10 ||    24
       Potion            |       |     1 |     2 ||     3
 Stab: Sleeping          |     2 |     4 |    11 ||    17
       Invisible         |       |     3 |    15 ||    18
       Paralysed         |       |       |     1 ||     1
  Eat: Corpse            |    20 |    19 |    22 ||    61

Vault maps used:
D:1:      dpeg_arrival_rhombus, minivault_4, st_stairs_3, supply_closet_lemuel,
          serial_bayou_pond_b
D:3:      lemuel_round_altar, first_bread
D:4:      grunt_temple_overflow_open, serial_shops, shop,
          guppyfry_early_lair_pool
D:5:      makhleb_heckhound_becter, basic_altar, lemuel_flame_loot_1
D:6:      minmay_temple_entry_enclosed_plants, serial_shops,
          nicolae_shop_behind_doors, nicolae_qazlal_style_of_elements,
          uniq_prince_ribbit1, uniq_edmund
D:7:      enter_ossuary_4, uniq_pikel
Temple:   circular_temple_12
Ossuary:  ossuary_due_pyramid
